 Dungeon Crawl Stone Soup version 0.19.0-2-gae57169 (webtiles) character file.

78 Peloso the Skirmisher (level 4, -5/38 (40) HPs)
             Began as a Ghoul Fighter on Nov 5, 2016.
             Killed from afar by an orc wizard (14 damage)
             ... with a puff of flame
             ... on level 3 of the Dungeon.
             The game lasted 00:02:36 (1505 turns).

Peloso the Skirmisher (Ghoul Fighter)               Turns: 1505, Time: 00:02:37

HP:   -5/38 (40)    AC:  6    Str: 19    XL:     4   Next: 36%
MP:   3/3           EV:  7    Int:  3    God:
Gold: 65            SH:  9    Dex:  9    Spells: 0 memorised, 3 levels left

rFire  . . .     SeeInvis .     a - +0 long sword
rCold  + . .     Gourm    .     b - +0 scale mail
rNeg   + + +     Faith    .     c - +0 shield
rPois  ∞         Spirit   .     (no helmet)
rElec  .         Reflect  .     (no cloak)
rCorr  .         Harm     .     (no gloves)
MR     .....                    (no boots)
Stlth  ..........               (no amulet)
                                (no ring)
                                (no ring)

@: rotting
A: rotting body, claws 1, carnivore 3, cold resistance 1, negative energy
resistance 3, slow regeneration 1, torment resistance, unbreathing
a: no special abilities


You were on level 3 of the Dungeon.
You were very hungry.

You visited 1 branch of the dungeon, and saw 3 of its levels.

You collected 65 gold pieces.

Inventory:

Hand Weapons
 a - a +0 long sword (weapon)
 l - a +2 short sword of flaming
Armour
 b - a +0 scale mail (worn)
 c - a +0 shield (worn)
Scrolls
 i - 2 scrolls of identify {unknown}
 k - a scroll of immolation {unknown}
 n - a scroll of fear {unknown}
 o - a scroll of enchant armour {unknown}
Potions
 d - a potion of might
 e - a potion of flight {unknown}
 g - a potion of beneficial mutation {unknown}
 h - 2 potions of curing {unknown}
 j - a potion of resistance {unknown}
Comestibles
 f - a meat ration
 m - a slice of pizza


   Skills:
 + Level 4.0 Fighting
 + Level 2.3 Long Blades
 + Level 3.1 Armour
 + Level 0.5 Dodging
 + Level 3.2 Shields


You had 3 spell levels left.
You didn't know any spells.

Dungeon Overview and Level Annotations

Branches:
Dungeon (3/15)

Altars:
Trog


Innate Abilities, Weirdness & Mutations

Your body is rotting away.
You thrive on raw meat.
You are immune to poison.
You have sharp fingernails.
You are carnivorous and can eat meat at any time.
Your flesh is cold resistant. (rC+)
You are immune to negative energy. (rN+++)
You regenerate slowly when monsters are visible.
You are immune to unholy pain and torment.
You can survive without breathing.


Message History

You miss something. Something hits you. Something hits you but does no damage.
You miss something. Something hits you.
You closely miss something. Something hits you.
You closely miss something. Something hits you but does no damage.
You hear some strange, mumbled words.
A puff of frost appears from out of thin air!
You block the puff of frost.
You closely miss something. You closely miss something.
You hear some strange, mumbled words.
A magic dart appears from out of thin air!
The magic dart hits you!
You hit something. Something hits you but does no damage. Something hits you.
* * * LOW HITPOINT WARNING * * *
You slash something!
The leopard gecko hisses menacingly.
You hear some strange, mumbled words.
A puff of flame appears from out of thin air!
The puff of flame hits you!
You die... ##...## ..... . ..... #.#. ... .....#### olg

.........## #o#
..........###{#
....<......##@#
.........^..#.#
#...........#.#
#....#...#...#.
##.......####.......
....................
##.#####..####..#.#.
#.# #..# ..# # # #.#
#..# ...


You could see 2 orcs, a leopard gecko and a hobgoblin.

Vanquished Creatures
  A worker ant zombie (D:3)
  An adder (D:2)
  An adder skeleton (D:3)
  4 dart slugs
  An orc (D:3)
  4 giant cockroaches (D:2)
  7 goblins
  6 hobgoblins
  2 jackals (D:1)
  5 kobolds
  4 bats
  9 rats
45 creatures vanquished.

Notes
Turn   | Place    | Note
-------+----------+-------------------------------------------
     0 | D:1      | Peloso the Ghoul Fighter began the quest for the Orb.
     0 | D:1      | Reached XP level 1. HP: 19/19 MP: 0/0
    46 | D:1      | Reached XP level 2. HP: 23/26 MP: 1/1
   377 | D:1      | Reached XP level 3. HP: 31/33 MP: 2/2
  1044 | D:2      | Reached XP level 4. HP: 30/38 MP: 3/3
  1152 | D:2      | Found a bloodstained altar of Trog.
  1444 | D:3      | Reached skill level 4 in Fighting
  1505 | D:3      | Killed from afar by an orc wizard

Skill      XL: |  1  2  3  4 |
---------------+-------------+-----
Long Blades    | 2 |  2.3
Armour         | 3 |  3.1
Shields        | 3 |  3.2
Fighting       | 4 |  4.0
Dodging        | |  0.5

Action                   |  1- 3 |  4- 6 || total
-------------------------+-------+-------++-------
Melee: Long sword        |   111 |    51 ||   162
  Eat: Chunk             |       |     1 ||     1
Armor: Scale mail        |    47 |    21 ||    68
Dodge: Dodged            |    33 |    15 ||    48
Block: Shield            |    50 |    23 ||    73
       Rpst.: Long sword |    11 |     3 ||    14
